 Dungeon Crawl Stone Soup version 0.23.2-1-ga50397a6bc (webtiles) character file.

Game seed: 8062161676704848341

117307 Lysie the Impaler (level 16, -3/155 HPs)
             Began as a Minotaur Fighter on May 5, 2019.
             Was the Champion of Okawaru.
             Shot with an arrow by a deep elf archer (9 damage)
             ... on level 2 of the Elven Halls on May 6, 2019.
             The game lasted 01:46:36 (31624 turns).

Lysie the Impaler (Minotaur Fighter)               Turns: 31624, Time: 01:46:37

Health: -3/155     AC: 20    Str: 29    XL:     16   Next: 22%
Magic:  6/6        EV: 10    Int: 12    God:    Okawaru [******]
Gold:   1719       SH:  4    Dex: 17    Spells: 15/15 levels left

rFire    . . .     SeeInvis +   u - +11 glaive of Poukkipso {speed, +Rage Int+2 SInv}
rCold    + + .     Gourm    .   (shield currently unavailable)
rNeg     . . .     Faith    .   v - +5 ring mail "Muottih" {rC++ MP-9 Str+4 Dex+4}
rPois    .         Spirit   .   R - +0 hat of Plasticity {Stlth+}
rElec    .         Reflect  +   B - +1 cloak of Peek-a-Boo {Regen+ SInv}
rCorr    .         Harm     .   (no gloves)
MR       +....                  E - +2 pair of boots {run}
Stlth    ++........             F - +4 amulet of reflection
HPRegen  0.75/turn              L - +1 ring of slaying
MPRegen  0.10/turn              J - ring of Suspected Treachery {Str+5 Slay+2}

@: slowed, very slow
A: retaliatory headbutt, horns 2
a: Heroism, Finesse, Renounce Religion, Evoke Berserk Rage


You were on level 2 of the Elven Halls.
You worshipped Okawaru.
Okawaru was exalted by your worship.
You were not hungry.

You visited 5 branches of the dungeon, and saw 26 of its levels.
You also visited: Bailey and Gauntlet.

You collected 2443 gold pieces.
You spent 724 gold pieces at shops.

Inventory:

Hand Weapons
 m - the +9 heavy crossbow "Sniper" {velocity, Acc+∞ SInv}
   (Okawaru gifted it to you on level 2 of the Lair of Beasts)

   Any bolt fired from it inflicts extra damage.
   It lets you see invisible.
 u - the +11 glaive of Poukkipso (weapon) {speed, +Rage Int+2 SInv}
   (You found it on level 14 of the Dungeon)

   Attacks with this weapon are significantly faster.
   It affects your intelligence (+2).
   It lets you see invisible.
   It lets you go berserk.
Missiles
 g - 178 bolts
 D - 11 javelins of returning (quivered)
 H - 16 steel javelins
 V - 16 poisoned javelins
Armour
 c - a +0 shield
 v - the +5 ring mail "Muottih" (worn) {rC++ MP-9 Str+4 Dex+4}
   (You found it on level 4 of the Lair of Beasts)

   It affects your strength (+4).
   It affects your dexterity (+4).
   It greatly protects you from cold.
   It affects your magic capacity (-9).
 z - the +5 chain mail "Iwokem" {Str+5 Int+2}
   (You bought it in a shop on level 12 of the Dungeon)

   It affects your strength (+5).
   It affects your intelligence (+2).
 B - the +1 cloak of Peek-a-Boo (worn) {Regen+ SInv}
   (You found it on level 1 of the Elven Halls)

   It lets you see invisible.
   It increases your rate of regeneration.
 E - a +2 pair of boots of running (worn)
 R - the +0 hat of Plasticity (worn) {Stlth+}
   (You found it on level 13 of the Dungeon)

   It makes you more stealthy.
Jewellery
 s - an uncursed ring of protection from fire
 F - a +4 amulet of reflection (around neck)
 J - the ring of Suspected Treachery (right hand) {Str+5 Slay+2}
   (You found it in a Gauntlet)

   [ring of strength]

   It affects your strength (+5).
   It affects your accuracy and damage with ranged weapons and melee attacks
   (+2).
 L - a +1 ring of slaying (left hand)
Wands
 a - a wand of enslavement (8)
 e - a wand of scattershot (6)
 i - a wand of polymorph (25)
 l - a wand of digging (7)
 t - a wand of disintegration (7)
 y - a wand of paralysis (7)
Scrolls
 b - 8 scrolls of teleportation
 h - 9 scrolls of remove curse
 n - 3 scrolls of fog
 o - a scroll of identify
 q - 2 scrolls of enchant armour
 r - 2 scrolls of brand weapon
 C - 2 scrolls of fear
 G - 2 scrolls of amnesia
 P - 2 scrolls of blinking
 T - 5 scrolls of enchant weapon
 Z - 3 scrolls of magic mapping
Potions
 d - 3 potions of might
 j - 4 potions of agility
 k - 3 potions of brilliance
 p - 3 potions of berserk rage
 w - 10 potions of curing
 x - 2 potions of flight
 A - a potion of invisibility
 I - 2 potions of magic
 N - 4 potions of cancellation
 Q - 3 potions of heal wounds
 W - a potion of haste
Comestibles
 f - 17 rations


   Skills:
 - Level 17.0 Fighting
 + Level 18.0 Polearms
 - Level 11.9 Crossbows
 - Level 9.0 Throwing
 - Level 16.8 Armour
 - Level 3.6 Shields


You had 15 spell levels left.
You didn't know any spells.
Your spell library contained the following spells:

 Spells                   Type           Power        Failure   Level  Hunger
 Animate Skeleton         Necr           N/A          38%         1    ##.....
 Apportation              Tloc           #.....       38%         1    ##.....
 Confusing Touch          Hex            #.....       38%         1    ##.....
 Flame Tongue             Conj/Fire      #....        38%         1    ##.....
 Magic Dart               Conj           #...         38%         1    ##.....
 Shock                    Conj/Air       #...         38%         1    ##.....
 Sting                    Conj/Pois      #...         38%         1    ##.....
 Summon Butterflies       Summ           #.......     38%         1    ##.....
 Summon Small Mammal      Summ           #...         38%         1    ##.....
 Corpse Rot               Necr           N/A          54%         2    ###....
 Poisonous Vapours        Pois/Air       #.....       54%         2    ###....
 Sublimation of Blood     Necr           #.........   54%         2    ###....
 Swiftness                Chrm/Air       #.......     54%         2    ###....
 Lesser Beckoning         Tloc           #.........   77%         3    ####...
 Mephitic Cloud           Conj/Pois/Air  #.......     77%         3    ####...
 Static Discharge         Conj/Air       #.......     77%         3    ####...
 Tukima's Dance           Hex            #.......     77%         3    ####...
 Airstrike                Air            #.........   99%         4    #####..
 Cause Fear               Hex            #.........   99%         4    #####..
 Iskenderun's Mystic Bla  Conj           #.......     99%         4    #####..
 Olgreb's Toxic Radiance  Pois           #.......     99%         4    #####..
 Sticky Flame             Conj/Fire      #.......     99%         4    #####..
 Agony                    Necr           #.......     100%        5    ######.
 Alistair's Intoxication  Tmut/Pois      #.......     100%        5    ######.
 Bolt of Draining         Conj/Necr      #.........   100%        5    ######.
 Dispel Undead            Necr           #.......     100%        5    ######.
 Excruciating Wounds      Chrm/Necr      #.........   100%        5    ######.
 Lightning Bolt           Conj/Air       #.........   100%        5    ######.
 Venom Bolt               Conj/Pois      #.........   100%        5    ######.
 Bolt of Fire             Conj/Fire      #.........   100%        6    #######
 Invisibility             Hex            #.......     100%        6    #######
 Dragon Form              Tmut           #.........   100%        7    #######
 Dragon's Call            Summ           #.........   100%        9    #######


Dungeon Overview and Level Annotations

Branches:
Dungeon (15/15)            Temple (1/1) D:5            Lair (6/6) D:10
 Shoals (0/4) Lair:2       Spider (0/4) Lair:4        Slime (0/5) Lair:6
    Orc (2/2) D:9             Elf (2/3) Orc:2        Vaults (0/5) D:13
 Depths (0/5) D:15

Altars:
Ashenzari
Cheibriados
Dithmenos
Elyvilon
Fedhas
Gozag
Hepliaklqana
Kikubaaqudgha
Makhleb
Nemelex Xobeh
Okawaru
Qazlal
Ru
Sif Muna
Trog
Uskayaw
Vehumet
Wu Jian
Xom
Yredelemnul
Zin
The Shining One
Beogh
Lugonu

Shops:
D:6 *   D:10 [   D:12 [   Orc:2 ![?:

Annotations:
Lair:4 3 runed translucent doors, endorz's ghost, journeyman MiBe


Innate Abilities, Weirdness & Mutations

You reflexively headbutt those who attack you in melee.
You have a pair of horns on your head.


Message History

Okawaru accepts your kill.
The deep elf archer shoots an arrow.
You reflect the arrow off an invisible shield around you!
The arrow hits the deep elf archer!
The deep elf archer gestures at you while chanting.
You resist with some effort.
You hear a shout!
The deep elf archer shoots an arrow.
The arrow hits you!
The deep elf archer shoots an arrow.
The arrow hits you!
* * * LOW HITPOINT WARNING * * *
You see here 2 arrows.
The deep elf archer shoots an arrow.
The arrow hits you!!
* * * LOW HITPOINT WARNING * * *
A deep elf mage comes into view.
It is wielding a +0 long sword and wearing a +3 ring mail of magic resistance.
There is a stone staircase leading up, spattered with blood here.
You see here 2 arrows.
The deep elf archer shoots an arrow.
The arrow hits you!!
* * * LOW HITPOINT WARNING * * *
The deep elf archer shoots an arrow.
The arrow hits you!
You die...

#####...#............[..
##...##..................
#.....#..................
#.....#...))...e.........
#.....#...(..............
##...##....)..ee.(.......
.##+##....(..............
........(....[...........
........@[...............
.........................
############.)#'#########
#..#.........
#..#.........
#..#..########
#..)).')......
#..#..#.......
#..#..#.......


You could see 2 deep elf archers and a deep elf mage.

Vanquished Creatures
  The ghost of lenfi the Summoner, a journeyman NaVM of Yredelemnul (Elf:1)
  A deep elf annihilator (Elf:1)
  A minotaur (Gauntlet)
  A dire elephant (Lair:1)
  A deep elf death mage (Elf:2)
  Erolcha (Orc:2)
  A yaktaur captain (D:15)
  A great orb of eyes (Gauntlet)
  A rakshasa (D:15)
  7 vault guards (D:13)
  4 centaur warriors
  7 hydras
  2 catoblepae
  5 dancing weapons
  Erica (D:9)
  9 two-headed ogres
  2 ogre magi (Orc:2)
  7 death yaks
  A tengu warrior (D:15)
  Urug (Lair:6)
  Sonja (Orc:1)
  3 deep elf knights (Elf:2)
  An unseen horror (D:15)
  2 skeletal warriors (D:12)
  A wizard (D:14)
  An unseen horror (shapeshifter) (D:14)
  A phantasmal warrior (D:12)
  Pikel (D:8)
  5 deep elf archers (Elf:1)
  An orc knight (Orc:2)
  3 ugly things
  9 orc sorcerers
  A wolf spider (Lair:4)
  5 cyclopes
  2 oklob plants
  5 manticores
  22 deep elf magi
  5 elephants
  4 black mambas
  5 spiny frogs
  4 gargoyles
  2 torpor snails
  A guardian serpent (D:13)
  3 rime drakes (Lair:1)
  7 yaktaurs (D:15)
  5 komodo dragons
  An ice devil (Gauntlet)
  4 trolls
  5 hornets
  3 polar bears (Lair:6)
  2 jumping spiders (Lair:4)
  4 slime creatures (D:13)
  3 dream sheep
  16 blink frogs
  5 hippogriffs
  A snapping turtle (Lair:2)
  A centaur simulacrum (D:14)
  2 air elementals (Elf:1)
  13 spriggans (Lair:6)
  2 vampires
  35 yaks
  2 wyverns
  A wraith (D:13)
  3 fire bats (Lair:4)
  2 redbacks
  A hungry ghost (D:11)
  8 vampire mosquitoes
  Grum (D:8)
  4 basilisks
  A fire elemental (Elf:1)
  3 wargs
  A steam dragon (D:13)
  A spectral spiny frog (Gauntlet)
  An acid dragon (D:11)
  Duvessa (D:5)
  13 water moccasins
  2 floating eyes (D:11)
  13 porcupines
  28 orc warriors
  A hornet zombie (D:10)
  4 phantoms
  5 black bears
  4 ice beasts
  5 necrophages
  2 sky beasts
  19 ogres
  4 boggarts (Lair:6)
  27 wolves
  10 centaurs
  16 crocodiles
  2 big kobolds
  An earth elemental (Elf:1)
  23 bullfrogs
  2 wyvern zombies (D:14)
  Dowan (D:5)
  A wyvern skeleton (D:11)
  6 scorpions
  16 killer bees
  16 wights
  6 electric eels
  7 crimson imps
  6 howler monkeys
  6 hounds
  2 quasits (D:9)
  4 bullfrog zombies
  3 centaur zombies
  7 centaur skeletons
  12 jellies
  11 orc priests
  31 orc wizards
  Terence (D:3)
  Jessica (D:2)
  2 bullfrog skeletons
  9 iguanas
  14 worker ants
  A killer bee zombie (D:5)
  2 hound skeletons
  3 mummies
  A howler monkey zombie (D:7)
  2 worker ant zombies
  Robin (D:3)
  16 adders
  14 gnolls
  6 shadow imps
  5 oozes
  An adder skeleton (D:4)
  4 worms
  4 dart slugs
  8 leopard geckos
  86 orcs
  5 bats
  10 giant cockroaches
  24 goblins
  21 hobgoblins
  7 jackals
  16 kobolds
  6 quokkas
  A ball python (D:5)
  2 frilled lizards
  2 jackal zombies
  2 leopard gecko skeletons
  A leopard gecko zombie (D:6)
  A quokka skeleton (D:4)
  A quokka zombie (D:6)
  3 rats
  A fungus (Lair:2)
  2 plants
884 creatures vanquished.

Vanquished Creatures (others)
  A centaur warrior (D:15)
  A kobold demonologist (D:14)
  An orc wizard (Orc:2)
  An orc (Orc:2)
  4 bushes (D:14)
  3 fungi
  3 plants
  9 toadstools (Lair:1)
  14 withered plants (Gauntlet)
37 creatures vanquished.

Grand Total: 921 creatures vanquished

Notes
Turn   | Place    | Note
-------+----------+-------------------------------------------
     0 | D:1      | Lysie the Minotaur Fighter began the quest for the Orb.
     0 | D:1      | Reached XP level 1. HP: 19/19 MP: 0/0
   229 | D:1      | Reached skill level 3 in Polearms
   346 | D:1      | Reached XP level 2. HP: 26/26 MP: 1/1
   761 | D:2      | Found an ornate altar of the Wu Jian Council.
   785 | D:2      | Reached skill level 4 in Polearms
   814 | D:2      | Reached XP level 3. HP: 31/31 MP: 2/2
   860 | D:2      | Reached skill level 5 in Polearms
   926 | D:2      | Noticed Jessica
   930 | D:2      | Killed Jessica
   930 | D:2      | Reached XP level 4. HP: 37/39 MP: 3/3
   968 | D:2      | Found a hide-covered altar of Uskayaw.
  1168 | D:2      | Reached skill level 6 in Polearms
  1391 | D:3      | Found a white marble altar of Elyvilon.
  1399 | D:3      | Reached XP level 5. HP: 30/45 MP: 4/4
  1526 | D:3      | Noticed Terence
  1536 | D:3      | Killed Terence
  1541 | D:3      | Found a snail-covered altar of Cheibriados.
  1586 | D:3      | Noticed Robin
  1596 | D:3      | Killed Robin
  1597 | D:3      | Reached skill level 7 in Polearms
  1954 | D:3      | Found a faded altar of an unknown god.
  2104 | D:4      | Found a shadowy altar of Dithmenos.
  2146 | D:4      | Reached XP level 6. HP: 51/51 MP: 5/5
  2232 | D:4      | Reached skill level 8 in Polearms
  2310 | D:4      | Reached skill level 9 in Polearms
  2347 | D:4      | Reached XP level 7. HP: 51/57 MP: 6/6
  2621 | D:4      | Found a blossoming altar of Fedhas.
  2679 | D:4      | Found a burning altar of Makhleb.
  2942 | D:4      | Reached skill level 5 in Fighting
  3440 | D:5      | Entered Level 5 of the Dungeon
  3484 | D:5      | Found a shattered altar of Ashenzari.
  3612 | D:5      | Found a shimmering altar of Xom.
  3614 | D:5      | Found a shimmering altar of Xom.
  3614 | D:5      | Found a shimmering altar of Xom.
  3614 | D:5      | Found a shimmering altar of Xom.
  3615 | D:5      | Found a shimmering altar of Xom.
  3842 | D:5      | Noticed Duvessa
  3842 | D:5      | Noticed Dowan
  3863 | D:5      | Killed Duvessa
  3863 | D:5      | Reached XP level 8. HP: 73/73 MP: 7/7
  3875 | D:5      | Killed Dowan
  3978 | D:5      | Found a staircase to the Ecumenical Temple.
  4097 | Temple   | Entered the Ecumenical Temple
  4202 | D:5      | Found a basalt altar of Yredelemnul.
  4203 | D:5      | Found a hazy altar of Hepliaklqana.
  4323 | D:5      | Found a glowing golden altar of the Shining One.
  4688 | D:6      | Reached skill level 10 in Fighting
  5682 | D:6      | Reached XP level 9. HP: 80/89 MP: 8/8
  6202 | D:6      | Found a sacrificial altar of Ru.
  6295 | D:6      | Found Zaolo's General Store.
  6428 | D:6      | Reached skill level 1 in Throwing
  6567 | D:7      | Reached skill level 5 in Armour
  7348 | D:7      | Found a burning altar of Makhleb.
  8139 | D:8      | Reached XP level 10. HP: 94/96 MP: 9/9
  8197 | D:8      | Reached skill level 5 in Throwing
  8203 | D:8      | Noticed Grum
  8223 | D:8      | Killed Grum
  8670 | D:8      | Noticed a manticore
  8680 | D:8      | Killed a manticore
  8873 | D:8      | Found a radiant altar of Vehumet.
  8885 | D:8      | Found a glowing silver altar of Zin.
  9138 | D:8      | Noticed Pikel
  9153 | D:8      | Killed Pikel
  9500 | D:9      | Found a flagged portal.
  9511 | D:9      | Reached skill level 10 in Armour
  9547 | Bailey   | Entered a bailey
  9825 | Bailey   | Found an iron altar of Okawaru.
  9825 | Bailey   | Noticed an orc sorcerer
  9825 | Bailey   | Noticed an orc sorcerer
  9848 | Bailey   | Killed an orc sorcerer
  9851 | Bailey   | Killed an orc sorcerer
 10043 | Bailey   | Became a worshipper of Warmaster Okawaru
 10483 | Bailey   | Reached XP level 11. HP: 104/104 MP: 10/10
 12037 | D:9      | Reached * piety under Okawaru
 12091 | D:9      | Found a roughly hewn altar of Beogh.
 12142 | D:9      | Found a staircase to the Orcish Mines.
 12531 | D:9      | Noticed Erica
 12549 | D:9      | Killed Erica
 12549 | D:9      | Reached ** piety under Okawaru
 12586 | D:9      | Found an iron altar of Okawaru.
 12763 | D:10     | Entered Level 10 of the Dungeon
 12765 | D:10     | Found a glowing silver altar of Zin.
 12806 | D:10     | Found Siyros's Antique Armour Shoppe.
 12849 | D:10     | Noticed a two-headed ogre
 13094 | D:10     | Killed a two-headed ogre
 13161 | D:10     | Found a staircase to the Lair.
 13730 | D:11     | Noticed a red ugly thing
 14027 | D:11     | Reached *** piety under Okawaru
 14158 | D:11     | Killed a red ugly thing
 14362 | D:11     | Noticed a two-headed ogre
 14376 | D:11     | Killed a two-headed ogre
 14376 | D:11     | Received a gift from Okawaru
 14387 | D:11     | Reached **** piety under Okawaru
 14387 | D:11     | Reached skill level 15 in Armour
 14387 | D:11     | Reached XP level 12. HP: 91/112 MP: 11/11
 14679 | D:11     | Paralysed by a floating eye for 2 turns
 14684 | D:11     | Received a gift from Okawaru
 14685 | D:11     | Paralysed by a floating eye for 4 turns
 14736 | D:11     | Paralysed by a floating eye for 4 turns
 14857 | D:12     | Found a hazy altar of Hepliaklqana.
 14861 | D:12     | Found a gate leading to a gauntlet.
 15059 | Gauntlet | Entered a Gauntlet
 15059 | Gauntlet | Found a transporter.
 15059 | Gauntlet | Found a transporter.
 15154 | Gauntlet | Found a transporter.
 15154 | Gauntlet | Found a transporter.
 15165 | Gauntlet | Found a transporter.
 15172 | Gauntlet | Noticed a great orb of eyes
 15178 | Gauntlet | Found a transporter.
 15182 | Gauntlet | Found a transporter.
 15182 | Gauntlet | Found a transporter.
 15182 | Gauntlet | Noticed a blizzard demon
 15206 | Gauntlet | Noticed a death scarab
 15231 | Gauntlet | Found a transporter.
 15582 | Gauntlet | Paralysed by a great orb of eyes for 4 turns
 15600 | Gauntlet | Paralysed by a great orb of eyes for 2 turns
 15622 | Gauntlet | Killed a great orb of eyes
 15622 | Gauntlet | Received a gift from Okawaru
 15913 | Gauntlet | Got a coiled bronze ring
 15916 | Gauntlet | Identified the ring of Suspected Treachery {Str+5 Slay+2}
                  | (You found it in a Gauntlet)
 15923 | Gauntlet | Found a transporter.
 15926 | Gauntlet | Found a transporter.
 16227 | Gauntlet | Noticed a minotaur
 16237 | Gauntlet | Killed a minotaur
 16237 | Gauntlet | Received a gift from Okawaru
 16254 | Gauntlet | Got a colourful robe
 16256 | Gauntlet | Identified the +1 robe "Xeutus" {rN+ MP+9 Str+4} (You found
                  | it in a Gauntlet)
 16351 | D:12     | Noticed a two-headed ogre
 16359 | D:12     | Killed a two-headed ogre
 16442 | D:12     | Reached skill level 10 in Polearms
 16455 | D:12     | Found Loask's Antique Armour Shop.
 16468 | D:12     | Bought an ichor-stained chain mail for 304 gold pieces
 16478 | D:12     | Identified the +5 chain mail "Iwokem" {Str+5 Int+2} (You
                  | bought it in a shop on level 12 of the Dungeon)
 16513 | D:12     | Reached ***** piety under Okawaru
 16592 | D:12     | Noticed a death knight
 17033 | D:12     | Received a gift from Okawaru
 17383 | D:13     | Received a gift from Okawaru
 17552 | D:13     | Got a fine hat
 17558 | D:13     | Identified the cursed +0 hat of Plasticity {Stlth+} (You
                  | found it on level 13 of the Dungeon)
 17589 | D:13     | Reached XP level 13. HP: 122/122 MP: 12/12
 17742 | D:13     | Reached skill level 11 in Polearms
 18017 | D:13     | DIG
 18087 | D:13     | Received a gift from Okawaru
 18422 | D:13     | Received a gift from Okawaru
 18730 | D:13     | Found a gate to the Vaults.
 18757 | D:13     | Received a gift from Okawaru
 18757 | D:13     | Reached skill level 12 in Polearms
 18862 | D:13     | Received a gift from Okawaru
 18943 | Orc:1    | Entered Level 1 of the Orcish Mines
 19098 | Orc:2    | Entered Level 2 of the Orcish Mines
 19220 | Orc:2    | Received a gift from Okawaru
 19335 | Orc:2    | Found a staircase to the Elven Halls.
 19426 | Orc:2    | Paralysed by an orc sorcerer for 7 turns
 19811 | Orc:2    | Found Uraul's Distillery.
 19851 | Orc:2    | Found a radiant altar of Vehumet.
 19851 | Orc:2    | Noticed Erolcha
 19866 | Orc:2    | Killed Erolcha
 19866 | Orc:2    | Received a gift from Okawaru
 19866 | Orc:2    | Reached skill level 15 in Fighting
 19884 | Orc:2    | Got a fabulously ornate robe {god gift}
 19968 | Orc:2    | Paralysed by an orc sorcerer for 5 turns
 20112 | Orc:2    | Found a roughly hewn altar of Beogh.
 20112 | Orc:2    | Found Nibaica's Antique Armour Boutique.
 20125 | Orc:2    | Found Ybeatt's Book Shop.
 20187 | Orc:2    | Found an ancient bone altar of Kikubaaqudgha.
 20204 | Orc:2    | Reached skill level 13 in Polearms
 20220 | Orc:2    | Found Tigaops's Magic Scroll Boutique.
 20366 | Orc:2    | Bought an embroidered scarf for 240 gold pieces
 20438 | Orc:2    | Bought a potion of berserk rage for 60 gold pieces
 20438 | Orc:2    | Bought a potion of heal wounds for 60 gold pieces
 20438 | Orc:2    | Bought a potion of heal wounds for 60 gold pieces
 20956 | Orc:1    | Noticed Sonja
 20971 | Orc:1    | Killed Sonja
 21412 | Lair:1   | Entered Level 1 of the Lair of Beasts
 21635 | Lair:1   | Reached XP level 14. HP: 104/136 MP: 13/13
 21814 | Lair:1   | Found a runed translucent door.
 22761 | Lair:2   | Received a gift from Okawaru
 22820 | Lair:2   | Identified the +1 robe of Teugivva {Regen+ Str+5 Dex-5
                  | Slay+2} (Okawaru gifted it to you on level 2 of the Orcish
                  | Mines)
 23047 | Lair:2   | Found a staircase to the Shoals.
 23058 | Lair:2   | Received a gift from Okawaru
 23059 | Lair:2   | Found the +9 heavy crossbow "Sniper" {velocity, Acc+∞ SInv}
 23140 | Lair:2   | Reached skill level 1 in Crossbows
 23750 | Lair:3   | You fall through a shaft!
 23763 | Lair:4   | Got a steaming ring mail
 23774 | Lair:4   | Identified the +5 ring mail "Muottih" {rC++ MP-9 Str+4
                  | Dex+4} (You found it on level 4 of the Lair of Beasts)
 23857 | Lair:4   | Found a hole to the Spider Nest.
 24170 | Lair:4   | Reached skill level 5 in Crossbows
 24886 | Lair:4   | Found a runed translucent gate.
 24886 | Lair:4   | Found a runed translucent gate.
 24886 | Lair:4   | Found a runed translucent gate.
 24887 | Lair:4   | Noticed endorz's ghost (journeyman MiBe)
 24932 | Lair:4   | Received a gift from Okawaru
 25424 | Lair:5   | Received a gift from Okawaru
 25683 | Lair:5   | Received a gift from Okawaru
 26088 | Lair:6   | Entered Level 6 of the Lair of Beasts
 26217 | Lair:6   | Reached XP level 15. HP: 106/147 MP: 5/14
 26234 | Lair:6   | Reached skill level 10 in Crossbows
 26703 | Lair:6   | Noticed Urug
 26715 | Lair:6   | Killed Urug
 27068 | Lair:6   | Found a staircase to the Slime Pits.
 27261 | Lair:6   | Reached ****** piety under Okawaru
 27777 | D:14     | Received a gift from Okawaru
 27853 | D:14     | Reached skill level 14 in Polearms
 28485 | D:14     | Got a dazzling glaive
 28486 | D:14     | Identified the +11 glaive of Poukkipso {speed, +Rage Int+2
                  | SInv} (You found it on level 14 of the Dungeon)
 28513 | D:15     | Entered Level 15 of the Dungeon
 28589 | D:15     | Reached skill level 15 in Polearms
 28899 | D:15     | Found a staircase to the Depths.
 29044 | D:15     | Received a gift from Okawaru
 29054 | D:15     | Got a bloodstained arbalest {god gift}
 29173 | D:15     | Identified the +1 arbalest of the Sugar Beet {speed, rElec
                  | rPois Dex+4} (Okawaru gifted it to you on level 15 of the
                  | Dungeon)
 29248 | D:15     | Reached skill level 16 in Polearms
 29637 | Elf:1    | Entered Level 1 of the Elven Halls
 30005 | Elf:1    | Identified the Reference Book on Conjuration
 30559 | Elf:1    | Found a runed translucent gate.
 30560 | Elf:1    | Found a runed translucent gate.
 30561 | Elf:1    | Found a runed translucent gate.
 30748 | Elf:1    | Noticed lenfi's ghost (journeyman NaVM)
 30833 | Elf:1    | Reached skill level 17 in Polearms
 30858 | Elf:1    | Reached XP level 16. HP: 128/155 MP: 6/15
 30907 | Elf:1    | Identified the +1 robe of Kis Nux {Int+4 Dex+4}
 30966 | Elf:1    | Received a gift from Okawaru
 30970 | Elf:1    | Killed lenfi's ghost
 31257 | Elf:1    | Got a warped cloak
 31264 | Elf:1    | Identified the +1 cloak of Peek-a-Boo {Regen+ SInv} (You
                  | found it on level 1 of the Elven Halls)
 31350 | Elf:2    | Received a gift from Okawaru
 31366 | Elf:1    | Identified a +2 pair of boots of running (Okawaru gifted it
                  | to you on level 2 of the Elven Halls)
 31615 | Elf:2    | Reached skill level 18 in Polearms
 31624 | Elf:2    | HP: 6/155 [deep elf archer/arrow (20)]
 31624 | Elf:2    | Shot with an arrow by a deep elf archer

Skill      XL: |  1  2  3  4  5  6  7  8  9 10 11 12 13 14 15 16 |
---------------+-------------------------------------------------+-----
Polearms       | 3 4 5 6 7 9 10 13 17 18 | 18.0
Fighting       | 7 11 13 15 17 | 17.0
Armour         | 7 11 15 16 | 16.8
Throwing       | 4 6 8 9 |  9.0
Crossbows      | 9 11 | 11.9
Shields        | |  3.6

Action                   |  1- 3 |  4- 6 |  7- 9 | 10-12 | 13-15 | 16-18 || total
-------------------------+-------+-------+-------+-------+-------+-------++-------
Melee: Trident           |    58 |   112 |       |       |       |       ||   170
       Headbutt          |     5 |    20 |    76 |   188 |   313 |    10 ||   612
       Spear             |       |    87 |   509 |   989 |  1256 |       ||  2841
       Glaive            |       |       |       |       |   160 |    58 ||   218
 Fire: Heavy crossbow    |       |       |       |       |     4 |       ||     4
Throw: Tomahawk          |       |       |     2 |     2 |     2 |       ||     6
Invok: Heroism           |       |       |       |    11 |    30 |     6 ||    47
 Abil: Evoke Berserk Rag |       |       |       |       |     1 |       ||     1
Evoke: Wand              |       |       |     3 |     5 |     1 |       ||     9
  Use: Scroll            |       |     8 |     7 |    15 |    10 |     1 ||    41
       Potion            |       |       |     9 |     8 |     3 |     3 ||    23
 Stab: Paralysed         |       |       |     7 |     4 |       |       ||    11
       Distracted        |       |       |       |     1 |     4 |       ||     5
       Petrified         |       |       |       |       |     9 |       ||     9
       Sleeping          |       |       |       |       |     8 |     1 ||     9
  Eat: Ration            |       |     2 |     5 |    10 |    12 |     1 ||    30
       Chunk             |       |       |       |       |     2 |       ||     2
Armor: Plate armour      |    14 |    64 |   130 |   257 |       |       ||   465
       Scale mail        |     1 |       |       |       |       |       ||     1
       Chain mail        |       |       |       |    37 |   174 |       ||   211
       Ring mail         |       |       |       |       |   104 |    13 ||   117
Dodge: Dodged            |     7 |    17 |    22 |   109 |   185 |    14 ||   354
       Deflected         |       |       |       |       |    15 |     7 ||    22
Block: Shield            |    23 |    58 |   106 |   345 |   420 |       ||   952
       Reflection        |       |       |       |    15 |    17 |     2 ||    34
       Other             |       |       |       |       |    14 |     5 ||    19
